 Dungeon Sprint DCSS version 0.22-a0-135-g6f012ad (webtiles) character file.

9 schets the Skirmisher (level 2, 5/25 HPs)
             Began as a Demonspawn Fighter on Feb 1, 2018.
             Quit the game in the Dungeon (Sprint IX: "|||||||||||||||||||||||||||||").
             The game lasted 00:00:20 (303 turns).

schets the Skirmisher (Demonspawn Fighter)           Turns: 303, Time: 00:00:21

Health: 5/25       AC:  6    Str: 16    XL:     2   Next: 6%
Magic:  2/2        EV:  7    Int:  9    God:
Gold:   0          SH:  9    Dex: 12    Spells: 1/1 levels left

rFire    + . .     SeeInvis .     - Unarmed
rCold    . . .     Gourm    .   b - +0 shield
rNeg     . . .     Faith    .   a - +0 scale mail
rPois    .         Spirit   .   (no helmet)
rElec    .         Reflect  .   (no cloak)
rCorr    .         Harm     .   (no gloves)
MR       .....     NoTele   +   (no boots)
Stlth    ..........             (no amulet)
HPRegen  0.08/turn              (no ring)
MPRegen  0.08/turn              (no ring)

@: no status effects
A: fire resistance 1
a: no special abilities


You were in the Dungeon.
You were not hungry.

You visited 1 branch

Inventory:

Armour
 a - a +0 scale mail (worn)
 b - a +0 shield (worn)
Scrolls
 j - a scroll of blinking
Potions
 c - a potion of might
 e - a potion of curing
 f - a potion of heal wounds
 g - a potion of haste
 h - 2 potions of magic
 i - a potion of berserk rage
Comestibles
 d - a ration


   Skills:
 + Level 3.8 Fighting
 + Level 3.3 Armour
 + Level 3.4 Shields
 + Level 2.1 Unarmed Combat


You had one spell level left.
You didn't know any spells.

Dungeon Overview and Level Annotations

Branches:
Dungeon (1/1)

Altars:
Cheibriados
Dithmenos
Elyvilon
Fedhas
Gozag
Beogh


Innate Abilities, Weirdness & Mutations

Your flesh is heat resistant. (rF+)


Message History

The crimson imp hits you but does no damage.
Your shield prevents you from hitting the crimson imp.
The crimson imp grinds its teeth.
You block the crimson imp's attack.
Your scale mail prevents you from hitting the crimson imp.
The crimson imp closely misses you.
You miss the crimson imp.
The crimson imp picks up a beetle and eats it.
The crimson imp hits you but does no damage.
You closely miss the crimson imp.
The crimson imp grinds its teeth.
The crimson imp barely misses you.
You hit the crimson imp.
The crimson imp is lightly wounded.
The crimson imp barely misses you.
You hit the crimson imp.
The crimson imp is moderately wounded.
The crimson imp spits at you.
The crimson imp blinks! x2
Are you sure you want to abandon this character and quit the game? (Confirm with "yes".)

▓▓▓
▓<▓
▓.▓
▓.▓
▓5▓
▓5▓
▓÷▓
▓.▓
▓@▓
▓§▓
▓.▓
▓'▓
▓)▓
▓.▓
▓.▓
▓.▓
▓.▓


You could see 2 crimson imps.

Vanquished Creatures
  A dart slug (D)
  An orc (D)
  A hobgoblin (D)
  2 frilled lizards (D)
  2 kobolds (D)
  A leopard gecko skeleton (D)
8 creatures vanquished.

Notes
Turn   | Place    | Note
-------+----------+-------------------------------------------
     0 | D        | schets the Demonspawn Fighter began the quest for the Orb.
     0 | D        | Reached XP level 1. HP: 18/18 MP: 1/1
   188 | D        | Noticed a crimson imp
   188 | D        | Noticed a crimson imp
   217 | D        | Gained mutation: Your flesh is heat resistant. (rF+) [demonic ancestry]
   217 | D        | Reached XP level 2. HP: 22/25 MP: 2/2
   224 | D        | Found a roughly hewn altar of Beogh.
   224 | D        | Found a snail-covered altar of Cheibriados.
   224 | D        | Found a shadowy altar of Dithmenos.
   224 | D        | Found a white marble altar of Elyvilon.
   224 | D        | Found a blossoming altar of Fedhas.
   224 | D        | Found an opulent altar of Gozag.
   303 | D        | Quit the game

Vault maps used:
D:        linesprint

Skill      XL: |  1 |
---------------+----+-----
Armour         | 3 |  3.3
Shields        | 3 |  3.4
Unarmed Combat | 2 |  2.1
Fighting       | |  3.8

Action                   || total
-------------------------++-------
Melee: Unarmed           ||   110
Armor: Scale mail        ||    33
Dodge: Dodged            ||    30
Block: Shield            ||    26

Table legend:
 A = Spawn XP
 B = Non-spawn XP
 C = Spawn XP percentage of total XP
 D = Spawn monster count
 E = Non-spawn monster count
 F = Spawn count percentage of total count
 G = Total turns spent on level
                    A         B        C        D         E        F      G
               +---------+---------+-------+---------+---------+-------+---------
         Total |       0 |      14 |   0.0 |       0 |       8 |   0.0 |   303
               +---------+---------+-------+---------+---------+-------+---------
             D |       0 |      14 |   0.0 |       0 |       8 |   0.0 |   303
               +---------+---------+-------+---------+---------+-------+---------
